 Dungeon Crawl Stone Soup version 0.28-a0-178-ga708605c5b (webtiles) character file.

Game seed: 6221562566280953762

1740 hatdisgam the Chiller (level 9, -9/63 (68) HPs)
             Began as a Naga Ice Elementalist on Aug 18, 2021.
             Mangled by a wight (18 damage)
             ... on level 6 of the Dungeon.
             The game lasted 00:14:53 (8752 turns).

hatdisgam the Chiller (Naga Ice Elementalist)       Turns: 8752, Time: 00:14:54

HP:   -9/63 (68)    AC:  7    Str: 17    XL:     9   Next: 5%
MP:   3/14          EV: 10    Int: 18    God:
Gold: 204           SH:  0    Dex: 12    Spells: 6/14 levels left

rFire   . . .      SeeInvis +   n - +2 spear (pain)
rCold   . . .      Faith    .   (no shield)
rNeg    . . .      Spirit   .   o - +2 leather armour {Will+}
rPois   +          Reflect  .   (no helmet)
rElec   .          Harm     .   j - +0 cloak
rCorr   .          Rampage  .   (no gloves)
Will    ++...                   (no barding)
Stlth   ++........              (no amulet)
HPRegen 0.20/turn               g - +6 ring of strength
MPRegen 0.14/turn               (no ring)

@: very slightly contaminated, hasted, drained, quick
A: AC +3, large, see invisible, deformed body, poison resistance, slowness 2,
spit poison 1, naga tail 1
a: Spit Poison


You were on level 6 of the Dungeon.
You visited 1 branch of the dungeon, and saw 6 of its levels.

You collected 204 gold pieces.

Inventory:

Hand Weapons
 c - a +0 short sword
 e - a +0 trident
 k - a +0 short sword of draining
 n - a +2 spear of pain (weapon)
Armour
 a - a +0 robe
 j - a +0 cloak (worn)
 o - a +2 leather armour of willpower (worn)
Jewellery
 g - a +6 ring of strength (left hand)
Scrolls
 d - 6 scrolls of magic mapping
 f - 3 scrolls of identify
 v - a scroll of enchant weapon {unknown}
Potions
 b - a potion of ambrosia {unknown}
 h - a potion of haste
 i - a potion of brilliance
 l - 2 potions of invisibility {unknown}
 m - a potion of mutation {unknown}
 p - 2 potions of lignification {unknown}
 q - a potion of might {unknown}
 r - a potion of attraction {unknown}
 s - 2 potions of cancellation {unknown}
 t - 2 potions of heal wounds {unknown}
 u - a potion of berserk rage {unknown}


   Skills:
 + Level 3.9 Dodging
 - Level 3.0 Stealth
 - Level 3.4 Spellcasting
 * Level 6.0 Conjurations
 * Level 6.0 Fire Magic
 - Level 6.2 Ice Magic


You had 6 spell levels left.
You knew the following spells:

 Your Spells              Type           Power      Damage    Failure   Level
a - Freeze                Ice            100%       1d11      1%          1
b - Frozen Ramparts       Ice            50%        1d7       4%          3
c - Sticky Flame          Conj/Fire      24%        2d5       16%         4

Your spell library contained the following spells:

 Spells                   Type           Power      Damage    Failure   Level
 Magic Dart               Conj           96%        1d7       1%          1
 Searing Ray              Conj           48%        3d5       2%          2
 Conjure Flame            Conj/Fire      24%        6-21      4%          3
 Ozocubu's Armour         Ice            25%        N/A       4%          3
 Hailstorm                Conj/Ice       25%        3d7       16%         4
 Stone Arrow              Conj/Erth      26%        3d8       17%         3
 Ignite Poison            Fire/Tmut/Pois 10%        N/A       26%         3
 Sublimation of Blood     Necr           1%         N/A       28%         2
 Wereblood                Tmut           3%         N/A       28%         2
 Fulminant Prism          Conj/Hex       6%         3d7       50%         4
 Bolt of Magma            Conj/Fire/Erth 8%         4d6       71%         5
 Summon Hydra             Summ           1%         N/A       100%        7
 Shatter                  Erth           1%         3d6*      100%        9


Dungeon Overview and Level Annotations

Branches:
Dungeon (6/15)
 Temple: D:4-7

Altars:
Elyvilon


Innate Abilities, Weirdness & Mutations

Your serpentine skin is tough. (AC +3)
You have supernaturally acute eyesight. (SInv)
Armour fits poorly on your strangely shaped body.
Your system is resistant to poisons. (rPois)
You cover ground very slowly.
You can spit poison.
You have a snake-like lower body.


Message History

You hit the wight.
The wight is almost destroyed.
The wight burns!
You destroy the wight!
Your Conjurations skill increases to level 6!
Your Fire Magic skill increases to level 6!
No target in view!
You start resting.
Your magical contamination has completely faded away.
You start resting.
A wight comes into view. It is wielding a +3 battleaxe.
A wight is nearby!
Casting: Sticky Flame (dangerous; 16% risk of failure)
Confirm with . or Enter, or press ? or * to list all spells.
Aiming: Sticky Flame (dangerous; 16% risk of failure)
Press: ? - help, Shift-Dir - straight line, f - wight
Aim: a wight, wielding a +3 battleaxe and wearing a +0 ring mail (100% to hit)
You miscast Sticky Flame.
You are very lightly contaminated with residual magic.
Nothing appears to happen.
The wight hits you with a +3 battleaxe.
Unknown command.
Casting: Sticky Flame (dangerous; 16% risk of failure)
Confirm with . or Enter, or press ? or * to list all spells.
Aiming: Sticky Flame (dangerous; 16% risk of failure)
Press: ? - help, Shift-Dir - straight line, f/p - wight
Aim: a wight, wielding a +3 battleaxe and wearing a +0 ring mail (100% to hit)
The sticky flame hits the wight.
The wight is lightly damaged.
The wight is covered in liquid flames!
The wight burns!
The wight hits you with a +3 battleaxe!
You feel drained.
You hit the wight.
The wight is heavily damaged.
The wight burns!
The wight hits you with a +3 battleaxe!
* * * LOW HITPOINT WARNING * * *
You feel drained.
* * * LOW HITPOINT WARNING * * *
Unknown command.
You feel yourself speed up.
The wight burns!
The wight hits you with a +3 battleaxe!!
You die...

# ###...........
#..........####.
#.###.####.####.
#............##.
#.#.##.####......
#####.# #.#.####.#.##.
#....## ##.......#.##.
#.#.#.###...###..#.##.
#....@z#.#............
#..).†#)##.####....###
#.....#.##.# #...##
#....!..........#.#.##
#.....#...............
#...........##.#.....##
#.#..#########.#.....#
#<#.. # ##...## #.
##.##


You could see a wight (burning).

Vanquished Creatures
  A shadow (D:5)
  Eustachio (D:5)
  2 ogres (D:5)
  A necrophage (D:5)
  A phantom (D:3)
  A kobold brigand (D:5)
  A gnoll sergeant (D:5)
  A wyvern zombie (D:6)
  4 scorpions
  A water moccasin zombie (D:6)
  2 wights (D:6)
  A hound (D:6)
  Crazy Yiuf (D:2)
  3 bullfrog zombies (D:6)
  A centaur skeleton (D:6)
  Jessica (D:2)
  Natasha (twice) (D:2)
  3 iguanas
  4 gnolls
  7 adders
  A shadow imp (D:4)
  An adder skeleton (D:5)
  3 worms
  4 dart slugs
  4 orcs
  9 ball pythons
  7 endoplasms
  10 giant cockroaches
  2 goblins
  6 hobgoblins
  5 jackals
  11 kobolds
  7 quokkas
  8 bats
  4 frilled lizards
  4 rats
125 creatures vanquished.

Vanquished Creatures (others)
  2 fungi (D:3)
  4 plants (D:3)
6 creatures vanquished.

Grand Total: 131 creatures vanquished

Notes
Turn   | Place    | Note
-------+----------+-------------------------------------------
     0 | D:1      | hatdisgam the Naga Ice Elementalist began the quest for the
                  | Orb.
     0 | D:1      | Reached XP level 1. HP: 15/15 MP: 3/3
   355 | D:1      | Reached XP level 2. HP: 22/22 MP: 5/5
   999 | D:1      | Reached XP level 3. HP: 28/28 MP: 6/6
  1003 | D:1      | Learned a level 3 spell: Frozen Ramparts
  1251 | D:2      | Found a runed translucent door.
  1252 | D:2      | Noticed Crazy Yiuf
  1652 | D:2      | Reached skill level 5 in Ice Magic
  2053 | D:2      | Reached XP level 4. HP: 36/36 MP: 1/8
  2151 | D:2      | Noticed Jessica
  2152 | D:2      | Killed Jessica
  2169 | D:2      | Noticed Natasha
  2174 | D:2      | Killed Natasha
  2364 | D:2      | Noticed Natasha
  2368 | D:2      | Killed Natasha
  2369 | D:2      | Reached XP level 5. HP: 42/42 MP: 4/9
  2605 | D:2      | Killed Crazy Yiuf
  2854 | D:3      | Found a faded altar of an unknown god.
  2854 | D:3      | Noticed a phantom
  3316 | D:4      | Learned a level 4 spell: Sticky Flame
  3350 | D:4      | Reached skill level 1 in Conjurations
  3350 | D:4      | Reached skill level 1 in Fire Magic
  3350 | D:4      | Reached XP level 6. HP: 40/49 MP: 8/11
  4624 | D:3      | Found a white marble altar of Elyvilon.
  4921 | D:4      | Reached XP level 7. HP: 27/55 MP: 7/12
  5630 | D:5      | Entered Level 5 of the Dungeon
  6816 | D:5      | Noticed Eustachio
  6832 | D:5      | Killed Eustachio
  6833 | D:5      | Reached XP level 8. HP: 36/62 MP: 7/13
  7387 | D:6      | Noticed a shadow
  7499 | D:5      | Killed a shadow
  7500 | D:5      | Reached skill level 5 in Conjurations
  7500 | D:5      | Reached skill level 5 in Fire Magic
  8642 | D:6      | Reached XP level 9. HP: 48/68 MP: 10/14
  8752 | D:6      | Mangled by a wight

Illustrated notes

Levels and vault maps discovered:
D:1:      dpeg_arrival_simpleton_b, layout_rooms
D:2:      minmay_recursive_quarters, layout_basic, dk_noncrumbling_3,
          minmay_misc_feat_room, uniq_natasha, uniq_jessica,
          uniq_crazy_yiuf_cottage
D:3:      minmay_door_path, layout_basic, nicolae_elyvilon_temple_path,
          dreamdust_ecumenical_altar_grove, kennysheep_cross_bottleneck
D:4:      layout_gridville
D:5:      layout_gridville, uniq_eustachio
D:6:      layout_loops_ring, serial_undead, serial_undead_a, serial_undead_b,
          serial_undead_d, serial_undead_b, serial_shops,
          nicolae_inconvenience_store, uniq_pikel

Skill      XL: |  1  2  3  4  5  6  7  8  9 |
---------------+----------------------------+-----
Ice Magic      | 5 6 |  6.2
Spellcasting   | 3 |  3.4
Conjurations   | 1 2 4 5 6 |  6.0
Fire Magic     | 1 2 4 5 6 |  6.0
Dodging        | 2 3 |  3.9
Stealth        | |  3.0

Action                   |  1- 3 |  4- 6 |  7- 9 || total
-------------------------+-------+-------+-------++-------
Melee: Short sword       |     9 |   108 |    20 ||   137
       Trident           |    48 |     6 |       ||    54
       Spear             |       |       |   151 ||   151
 Cast: Freeze            |    26 |    43 |    43 ||   112
       Frozen Ramparts   |       |     3 |    15 ||    18
       Sticky Flame      |       |       |     3 ||     3
 Abil: Spit Poison       |    22 |    12 |     9 ||    43
  Use: Scroll            |       |     4 |       ||     4
       Potion            |       |     3 |     1 ||     4
 Stab: Sleeping          |       |     4 |       ||     4
Armor: Robe              |    25 |    65 |     9 ||    99
       Leather armour    |       |       |    88 ||    88
Dodge: Dodged            |    48 |    96 |   142 ||   286

Table legend: (Time is in decaauts)
 A = Elapsed time spent in this place.
 B = Non-inter-level travel time spent in this place.
 C = Inter-level travel time spent in this place.
 D = Time resting spent in this place.
 E = Time spent auto-exploring this place.
 F = Levels seen in this place.
 G = Mean time per level.
                   A        B        C        D        E       F      G
               +--------+--------+--------+--------+--------+-----+--------+
         Total |  10080 |   9864 |    216 |   3400 |   5159 |   6 | 1680.0 |
       Dungeon |  10080 |   9864 |    216 |   3400 |   5159 |   6 | 1680.0 |
               +--------+--------+--------+--------+--------+-----+--------+

Top non-repeatable levels by time:
     D:5: 2750 daAuts
     D:2: 2049 daAuts
     D:3: 1884 daAuts
     D:4: 1651 daAuts
     D:1: 1258 daAuts
     D:6: 487 daAuts
